Map: Abyssal Reef LE

Players

Smooches - Winner!

  • Race: Zerg Zerg
  • League: Gold
  • Spawn Location: 5:00

Juxtapose

  • Race: Protoss Protoss
  • League: Gold
  • Spawn Location: 11:00

VOD

https://youtu.be/qOeJoQlxIko

Description

This is my first time playing as Protoss since the patch landed on Tuesday, and I don't have the feel for them at all. I'm not used to the new Chrono Boost in the slightest, and my build is completely off.

I also really missed the Mothership Core and wasn't impressed with the Shield Battery, but I suspect I didn't make enough of them.

I also still need to watch the Replay but haven't yet due to the authentication issues Battle.net is having.

Time

  • Played on: Nov. 17, 2017, 9:17 p.m.
  • Length: 11:12
Show
View Real Time Build Order
Export as new Build Order

Smooches Zerg - Winner!

Build Orders: Hatch First 

Get SALT Encoding   

  12  0:01  Drone  
  13  0:08  Drone  
  14  0:18  Overlord  
  14  0:36  Drone x2  
  14  0:37  Drone  
  17  0:50  Drone  
  18  1:01  Drone  
  18  1:03  Hatchery  
  18  1:07  Extractor  
  17  1:16  Spawning Pool  
  16  1:26  Drone x2  
  18  1:34  Drone  
  19  1:40  Overlord  
  19  1:53  Drone  
  20  2:03  Queen  
  20  2:08  Metabolic Boost  
  22  2:10  Zergling x2  
  23  2:16  Queen  
  23  2:18  Zergling x4  
  27  2:34  Drone x2  
  29  2:43  Drone x2  
  31  2:51  Overlord x2  
  31  3:12  Extractor  
  30  3:25  Roach Warren  
  30  3:26  Drone x2  
  31  3:30  Drone x5  
  31  3:31  Drone x2  
  38  3:42  Drone x2  
  40  4:08  Extractor, Hatchery  
  38  4:17  Roach x3  
  38  4:18  Roach x2, Overlord x3  
  38  4:19  Roach x2  
  52  4:28  Evolution Chamber  
  52  4:31  Evolution Chamber  
  50  4:39  Roach x4  
  58  4:54  Ravager x3  
  61  5:00  Drone x4  
  61  5:01  Drone  
  66  5:15  Zerg Ground Armor Level 1  
  66  5:16  Zerg Melee Weapons Level 1  
  66  5:22  Drone x6  
  72  5:44  Lair  
  72  5:47  Overlord x3, Drone x2  
  72  5:48  Drone  
  75  5:54  Extractor  
  71  6:22  Drone x4  
  71  6:23  Roach x5  
  85  6:36  Roach x3  
  91  6:46  Queen  
  85  7:18  Roach x4  
  85  7:19  Roach, Zergling x12  
  85  7:20  Overlord x2, Zergling x4  
  88  7:38  Roach x3  
  88  7:44  Extractor  
  91  7:47  Zerg Missile Weapons Level 1  
  91  7:48  Hydralisk Den, Zerg Ground Armor Level 2  
  90  8:22  Hydralisk x2  
  90  8:23  Hydralisk x9  
  90  8:24  Hydralisk  
  114  8:29  Muscular Augments  
  114  8:41  Hatchery  
  114  8:46  Queen  
  115  9:35  Overlord x4, Hydralisk  
  115  9:36  Hydralisk x2  
  115  9:37  Zergling x2  
  122  9:42  Infestation Pit  
  121  9:55  Drone x3  
  121  9:56  Queen, Overlord x3  
  94  10:31  Hydralisk  
  94  10:32  Hydralisk x7  
  94  10:33  Zergling x6  
  94  10:34  Zergling x16  
  94  10:35  Zergling x4  
  123  10:38  Overlord x2  
Show
View Real Time Build Order
Export as new Build Order

Juxtapose Protoss 

Build Orders:  

Get SALT Encoding   

  12  0:01  Probe (Chrono Boost)  
  13  0:13  Probe (Chrono Boost)  
  14  0:21  Pylon  
  14  0:23  Probe  
  15  0:39  Probe  
  16  0:42  Gateway  
  16  0:51  Probe  
  17  0:59  Assimilator  
  17  1:04  Probe (Chrono Boost)  
  19  1:16  Probe (Chrono Boost)  
  19  1:18  Assimilator, Probe  
  20  1:30  Probe  
  21  1:35  Cybernetics Core  
  21  1:42  Probe  
  22  1:53  Pylon  
  22  1:54  Probe  
  22  1:58  Pylon  
  23  2:11  Zealot, Probe  
  23  2:14  Warp Gate (Chrono Boost)  
  26  2:28  Shield Battery  
  26  2:36  Pylon  
  26  2:38  Nexus  
  26  2:45  Sentry  
  28  2:52  Probe  
  29  3:03  Forge  
  29  3:04  Probe (Chrono Boost)  
  30  3:11  Zealot, Pylon  
  32  3:21  Pylon  
  32  3:27  Pylon  
  32  3:38  Zealot  
  34  3:50  Probe  
  34  3:51  Probe  
  36  4:00  Gateway  
  36  4:03  Probe, Pylon  
  36  4:08  Protoss Ground Weapons Level 1 (Chrono Boost)  
  37  4:11  Probe  
  37  4:15  Probe, Pylon  
  41  4:24  Pylon  
  39  4:36  Robotics Facility  
  39  4:38  Photon Cannon  
  39  4:43  Probe (Chrono Boost)  
  42  4:53  Probe (Chrono Boost)  
  42  4:55  Probe x2 (Chrono Boost)  
  42  4:59  Stalker  
  45  5:02  Stalker  
  47  5:11  Probe x2  
  49  5:15  Assimilator  
  49  5:17  Assimilator  
  48  5:23  Probe x2  
  50  5:37  Probe  
  50  5:38  Probe  
  52  5:51  Shield Battery  
  52  5:52  Probe x2  
  52  5:54  Zealot  
  52  5:55  Zealot  
  47  6:18  Immortal (Chrono Boost)  
  47  6:23  Zealot  
  47  6:24  Zealot  
  39  6:29  Protoss Ground Armor Level 1  
  36  6:39  Gateway  
  38  6:47  Immortal (Chrono Boost)  
  34  7:05  Zealot x2  
  26  7:17  Immortal  
  30  7:39  Zealot x3  
  36  7:51  Nexus  
  36  7:53  Pylon  
  36  7:56  Immortal, Pylon  
  36  7:57  Probe  
  41  8:12  Cybernetics Core  
  41  8:15  Probe (Chrono Boost)  
  43  8:27  Probe (Chrono Boost)  
  43  8:30  Photon Cannon  
  43  8:35  Immortal  
  43  8:38  Photon Cannon  
  47  8:45  Probe  
  48  8:53  Stalker  
  50  8:57  Probe (Chrono Boost)  
  51  9:09  Probe (Chrono Boost)  
  52  9:11  Stalker  
  52  9:12  Probe (Chrono Boost)  
  52  9:15  Stalker  
  57  9:20  Probe  
  57  9:23  Probe  
  59  9:32  Probe  
  59  9:33  Zealot  
  59  9:35  Probe  
  63  9:44  Probe  
  64  9:47  Probe  
  65  9:59  Observer  
  66  10:04  Stalker x2  
  66  10:05  Stalker  
  58  10:21  Immortal (Chrono Boost)  
  40  10:37  Stalker x2  
  40  10:38  Stalker  
Tags
 
League
GoldGold
Matchup
PvZ
Spawn Locations
Cross Positions
Add a new tag
Caveats
  • Supply blocks, unpowered buildings, or Contaminate may cause inaccurate times.
  • Supply counts are checked every 10 seconds.